 Dungeon Crawl Stone Soup version 0.30-a0-557-ge2afbf3030 (webtiles) character file.

Game seed: 6531688750535195549

98 Newt the Shooter (level 5, -8/30 HPs)
             Began as a Kobold Hunter on Dec 27, 2022.
             Mangled by a gnoll
             ... wielding a +0 flail
              (10 damage)
             ... on level 3 of the Dungeon.
             The game lasted 00:01:25 (1826 turns).

Newt the Shooter (Kobold Hunter)                    Turns: 1826, Time: 00:01:26

Health: -8/30      AC:  3    Str:  8    XL:     5   Next: 1%
Magic:  5/5        EV: 14    Int: 10    God:
Gold:   115        SH:  0    Dex: 21    Spells: 4/4 levels left

rFire   . . .      SeeInvis .    a - +0 shortbow
rCold   . . .      Faith    .    (shield currently unavailable)
rNeg    . . .      Spirit   .    c - +0 leather armour
rPois   +          Reflect  .    (no helmet)
rElec   .          Harm     .    (no cloak)
rCorr   .          Rampage  .    (no gloves)
Will    +....                    (no boots)
Stlth   +++                      (no amulet)
HPRegen 0.25/turn                h - ring of willpower
MPRegen 0.09/turn                m - ring of poison resistance

@: no status effects
A: small, no large weapons, nightstalker 3
a: no special abilities


You were on level 3 of the Dungeon.
You visited 1 branch of the dungeon, and saw 3 of its levels.

You collected 115 gold pieces.

Inventory:

Hand Weapons
 a - a +0 shortbow (weapon)
Armour
 c - a +0 leather armour (worn)
Jewellery
 f - a +6 ring of dexterity
 h - a ring of willpower (left hand)
 m - a ring of poison resistance (right hand)
Wands
 v - a wand of flame (9)
Scrolls
 b - 2 scrolls of immolation
 g - 2 scrolls of teleportation {unknown}
 l - a scroll of enchant weapon {unknown}
 o - a scroll of butterflies {unknown}
 p - a scroll of poison {unknown}
 q - a scroll of amnesia {unknown}
Potions
 d - a potion of attraction
 e - 2 potions of brilliance
 i - a potion of mutation
 j - a potion of invisibility
 k - a potion of curing {unknown}
 n - a potion of cancellation {unknown}
 r - a potion of haste {unknown}
 s - 2 potions of berserk rage {unknown}
 t - 2 potions of might {unknown}
Miscellaneous
 u - a piece from Xom's chessboard (15/15)


   Skills:
 - Level 2.1 Fighting
 + Level 7.9 Ranged Weapons
 - Level 2.4 Dodging
 - Level 1.3 Stealth


You had 4 spell levels left.
You didn't know any spells.
Your spell library contained the following spells:

 Spells                   Type           Power      Damage    Failure   Level
 Apportation              Tloc           0%         N/A       50%         1
 Sandblast                Erth           0%         2d4       50%         1
 Shock                    Conj/Air       0%         1d3       50%         1
 Ensorcelled Hibernation  Hex/Ice        0%         N/A       63%         2
 Passwall                 Tmut/Erth      0%         N/A       63%         2
 Stone Arrow              Conj/Erth      0%         3d7       86%         3
 Animate Dead             Necr           0%         N/A       99%         4
 Alistair's Intoxication  Tmut/Pois      0%         N/A       100%        5
 Borgnjor's Vile Clutch   Necr/Erth      0%         N/A       100%        5
 Lightning Bolt           Conj/Air       0%         1d11      100%        5
 Death Channel            Necr           0%         N/A       100%        6


Dungeon Overview and Level Annotations

Branches:
Dungeon (3/15)

Altars:
Elyvilon
Xom


Innate Abilities, Weirdness & Mutations

You are small and have problems with some larger weapons.
You are completely attuned to the shadows.


Message History

The gnoll is moderately wounded.
You hear a shout!
A gnoll comes into view. It is wielding a +0 flail.
A gnoll comes into view. It is wielding a +0 whip.
The gnoll shouts!
You shoot an arrow. The arrow hits the gnoll!
The gnoll is almost dead.
You shoot an arrow. The arrow closely misses the gnoll.
The arrow hits the gnoll.
The gnoll is heavily wounded.
The gnoll hits you with a +0 club!
You shoot an arrow.
The arrow hits the gnoll but does no damage.
The gnoll is almost dead.
You shoot an arrow. The arrow hits the gnoll.
The gnoll is lightly wounded.
The gnoll closely misses you.
You shoot an arrow. The arrow completely misses the gnoll.
The arrow hits the gnoll but does no damage.
The gnoll is heavily wounded.
You shoot an arrow. The arrow hits the gnoll!
You kill the gnoll!
The gnoll hits you with a +0 flail!
You have reached level 5!
You feel agile.
Fire: a) +0 shortbow
Press: ? - help, Shift-Dir - straight line, f - gnoll
Aim: a gnoll, wielding a +0 flail (lightly wounded, 69% to hit)
You shoot an arrow. The arrow hits the gnoll.
The gnoll is moderately wounded.
The gnoll hits you with a +0 flail.
Fire: a) +0 shortbow
Press: ? - help, Shift-Dir - straight line, f/p - gnoll
Aim: a gnoll, wielding a +0 flail (moderately wounded, 69% to hit)
You shoot an arrow. The arrow hits the gnoll!
The gnoll is almost dead.
The gnoll hits you with a +0 flail!
* * * LOW HITPOINT WARNING * * *
The gnoll hits you with a +0 flail!
You die...

############.#
#..........#.#####
#.########........
#.# #.....[..
#####.# #........
#..)..#####
#...>....
#.........#
###......
#.....###.#
#.....# #@#
#.....# #g# .#.###
#g# ..?).# ...###
... ..


You could see 2 gnolls.

Vanquished Creatures
  A gnoll (D:3)
  5 adders
  2 dart slugs
  An orc (D:3)
  3 endoplasms
  A giant cockroach (D:2)
  3 goblins
  6 hobgoblins
  3 quokkas (D:1)
  A ball python (D:1)
  A bat (D:1)
  2 frilled lizards
  7 kobolds
  6 rats
42 creatures vanquished.

Notes
Turn   | Place    | Note
-------+----------+-------------------------------------------
     0 | D:1      | Newt the Kobold Hunter began the quest for the Orb.
     0 | D:1      | Reached XP level 1. HP: 12/12 MP: 1/1
    93 | D:1      | Reached XP level 2. HP: 12/17 MP: 2/2
   141 | D:1      | Reached skill level 6 in Ranged Weapons
   671 | D:1      | Reached XP level 3. HP: 21/21 MP: 3/3
   819 | D:2      | Identified the +2 dagger of the Freezing Wasp {spect,
                  | Str+3}
   842 | D:2      | Reached skill level 7 in Ranged Weapons
   902 | D:2      | Got Abire's Dissertation on the Cursed Atmosphere
   913 | D:2      | Found Xoetiros's Book Emporium.
   950 | D:2      | Reached XP level 4. HP: 26/26 MP: 4/4
  1280 | D:2      | Found a white marble altar of Elyvilon.
  1497 | D:3      | Found a shimmering altar of Xom.
  1823 | D:3      | Reached XP level 5. HP: 15/30 MP: 5/5
  1826 | D:3      | Mangled by a gnoll

Illustrated notes

Levels and vault maps discovered:
D:1:      dpeg_arrival_rhombi, layout_basic
D:2:      layout_loops_ring, serial_shops, shop, basic_altar
D:3:      layout_loops_corners, fedhas_ov_isle_minmay, xom_butterflies

Skill      XL: |  1  2  3 |
---------------+----------+-----
Ranged Weapons | 6 7 |  7.9
Fighting       | |  2.1
Dodging        | |  2.4
Stealth        | |  1.3

Action                   |  1- 3 |  4- 6 || total
-------------------------+-------+-------++-------
 Fire: Shortbow          |    64 |    31 ||    95
  Use: Scroll            |     3 |     1 ||     4
       Potion            |       |     1 ||     1
Armor: Leather armour    |     2 |       ||     2
Dodge: Dodged            |    23 |     9 ||    32

Table legend: (Time is in decaauts)
 A = Elapsed time spent in this place.
 B = Non-inter-level travel time spent in this place.
 C = Inter-level travel time spent in this place.
 D = Time resting spent in this place.
 E = Time spent auto-exploring this place.
 F = Levels seen in this place.
 G = Mean time per level.
                   A        B        C        D        E       F      G
               +--------+--------+--------+--------+--------+-----+--------+
         Total |   1845 |   1795 |     50 |      0 |   1580 |   3 |  615.0 |
       Dungeon |   1845 |   1795 |     50 |      0 |   1580 |   3 |  615.0 |
               +--------+--------+--------+--------+--------+-----+--------+

Top non-repeatable levels by time:
     D:1: 720 daAuts
     D:2: 709 daAuts
     D:3: 415 daAuts
